 Dungeon Crawl Stone Soup version 0.29.1-14-g9c671dbff4 (webtiles) character file.

Game seed: 14852448770292788088

9677 DemonSlayer the Thaumaturge (level 11, -1/75 HPs)
             Began as a Demonspawn Earth Elementalist on Feb 18, 2023.
             Was an Initiate of Yredelemnul.
             Slain by an orc warrior
             ... wielding a +0 broad axe
              (3 damage)
             ... while petrified by a basilisk
             ... on level 10 of the Dungeon.
             The game lasted 00:22:48 (11302 turns).

DemonSlayer the Thaumaturge (DsEE)                 Turns: 11302, Time: 00:22:49

Health: -1/75      AC: 13    Str: 11    XL:     11   Next: 26%
Magic:  24/24      EV:  2    Int: 25    God:    Yredelemnul [......]
Gold:   1450       SH:  0    Dex: 19    Spells: 2/29 levels left

rFire   . . .      SeeInvis .   t - +9 dagger "Hafixun" {venom, rN++}
rCold   . . .      Faith    .   l - +0 buckler
rNeg    + + +      Spirit   .   C - +1 steam dragon scales
rPois   ∞          Reflect  .   k - +1 helmet
rElec   .          Harm     .   (no cloak)
rCorr   .          Rampage  .   e - +2 pair of gloves
Will    .....                   I - +1 pair of boots {Fly}
Stlth   ++++......              (no amulet)
HPRegen 0.22/turn               n - +6 ring of dexterity
MPRegen 0.19/turn               b - ring "Tuiceoto" {rPois Str+2}

@: petrified, flying
A: hooves 2, spiny 1, big brain 2, demonic magic 1
a: Renounce Religion, Recall Undead Harvest


You were on level 10 of the Dungeon.
You worshipped Yredelemnul.
Yredelemnul was noncommittal.
You visited 2 branches of the dungeon, and saw 11 of its levels.
You also visited: Bailey.

You collected 1468 gold pieces.
You spent 18 gold pieces at shops.

Inventory:

Hand Weapons
 t - the +9 dagger "Hafixun" (weapon) {venom, rN++}
   (You found it on level 4 of the Dungeon)

   It poisons the flesh of those it strikes.
   rN:        It greatly protects you from negative energy.
 G - the +6 quarterstaff "Dabienk" {elec, rElec Stlth+}
   (You found it on level 8 of the Dungeon)

   It occasionally discharges a powerful burst of electricity upon striking a
   foe.
   rElec:     It insulates you from electricity.
   Stlth:     It makes you more stealthy.
Missiles
 H - a curare-tipped dart
 J - a throwing net
Armour
 e - a +2 pair of gloves (worn)
 k - a +1 helmet (worn)
 l - a +0 buckler (worn)
 C - +1 steam dragon scales (worn)
 I - a +1 pair of boots of flying (worn)
Jewellery
 b - the ring "Tuiceoto" (right hand) {rPois Str+2}
   (You found it in a bailey)

   [ring of poison resistance]

   Str:       It affects your strength (+2).
   rPois:     It protects you from poison.
 n - a +6 ring of dexterity (left hand)
Wands
 u - a wand of polymorph (10)
 z - a wand of light (1)
 A - a wand of roots (13)
 E - a wand of flame (40)
Scrolls
 g - 3 scrolls of teleportation
 i - 4 scrolls of vulnerability
 p - 2 scrolls of fear
 r - a scroll of poison
 w - 3 scrolls of magic mapping {unknown}
 x - a scroll of amnesia
 y - a scroll of blinking
 D - a scroll of torment {unknown}
Potions
 a - 2 potions of resistance {unknown}
 c - 3 potions of cancellation
 d - 2 potions of curing
 f - 6 potions of attraction {unknown}
 h - a potion of flight {unknown}
 j - a potion of berserk rage {unknown}
 m - 2 potions of brilliance {unknown}
 q - 3 potions of lignification
 s - 2 potions of mutation
 v - 2 potions of heal wounds
 B - a potion of might {unknown}


   Skills:
 + Level 3.2 Fighting
 + Level 2.9 Short Blades
 + Level 0.5 Maces & Flails
 + Level 3.9 Dodging
 + Level 8.1 Stealth
 + Level 1.9 Shields
 + Level 0.2 Unarmed Combat
 + Level 9.6 Spellcasting
 + Level 3.9 Conjurations
 + Level 0.8 Transmutations
 + Level 8.9 Earth Magic


You had 2 spell levels left.
You knew the following spells:

 Your Spells              Type           Power      Damage    Failure   Level
a - Sandblast             Erth           100%       2d20      1%          1
b - Stone Arrow           Conj/Erth      88%        3d12      1%          3
c - Petrify               Tmut/Erth      36%        N/A       9%          4
d - Metabolic Englaciati  Hex/Ice        6%         N/A       88%         5
e - Summon Guardian Gole  Hex/Summ       12%        N/A       21%         3
f - Summon Hydra          Summ           6%         N/A       100%        7
g - Dispel Undead         Necr           12%        3d9       56%         4

Your spell library contained the following spells:

 Spells                   Type           Power      Damage    Failure   Level
 Passwall                 Tmut/Erth      30%        N/A       1%          2
 Sting                    Tmut/Pois      56%        1d5       5%          1
 Summon Small Mammal      Summ           48%        N/A       7%          1
 Wereblood                Tmut           16%        N/A       7%          2
 Poisonous Vapours        Pois/Air       24%        N/A       11%         2
 Scorch                   Fire           24%        2d6       11%         2
 Sublimation of Blood     Necr           12%        N/A       11%         2
 Call Canine Familiar     Summ           12%        N/A       21%         3
 Gell's Gravitas          Tloc           12%        N/A       21%         3
 Lesser Beckoning         Tloc           12%        N/A       21%         3
 Ozocubu's Armour         Ice            12%        N/A       21%         3
 Teleport Other           Tloc           12%        N/A       21%         3
 Flame Wave               Conj/Fire      21%        2d8       30%         4
 Corpse Rot               Necr/Pois/Air  12%        N/A       56%         4
 Olgreb's Toxic Radiance  Pois           12%        N/A       56%         4
 Statue Form              Tmut/Erth      24%        N/A       80%         6
 Summon Cactus Giant      Summ           6%         N/A       100%        6
 Death Channel            Necr           Unusable   N/A       N/A         6
 Simulacrum               Ice/Necr       Unusable   N/A       N/A         6

Dungeon Overview and Level Annotations

Branches:
Dungeon (10/15)            Temple (1/1) D:7            Lair (0/5) D:10
 Bailey (visited)
    Orc: D:9-12

Altars:
Ashenzari
Cheibriados
Dithmenos
Fedhas
Gozag
Hepliaklqana
Kikubaaqudgha
Makhleb
Nemelex Xobeh
Okawaru
Qazlal
Ru
Sif Muna
Trog
Uskayaw
Vehumet
Wu Jian
Xom
Yredelemnul

Shops:
D:3 *   D:8 *


Innate Abilities, Weirdness & Mutations

You have hoof-like feet.
You are partially covered in sharp spines.
You have an extremely huge brain. (Int +4)
Spells you cast may paralyse adjacent enemies.


Message History

The basilisk closely misses you. The basilisk attacks as you move away!
The basilisk is struck by your spines. The basilisk bites you!
Your wyvern zombie bites the elephant!
The basilisk gazes at you. You resist with some effort.
You block the orc priest's attack.
The elephant tramples your wyvern zombie.
Your wyvern zombie holds its ground!
The elephant trunk-slaps your wyvern zombie but does no damage.
Your wyvern zombie bites the elephant.
The elephant dies!
Unknown command.
The orc priest mumbles some strange prayers to Beogh against you.
Beogh smites you!
* * * LOW HITPOINT WARNING * * *
The basilisk gazes at you.
You are slowing down.
There is an escape hatch in the ceiling here.
Unknown command.
Unknown command.
Unknown command.
Unknown command.
Unknown command.
Your wyvern zombie bites the basilisk!
The basilisk bites you but does no damage.
The orc priest calls down the wrath of Beogh upon you.
Beogh smites you!
* * * LOW HITPOINT WARNING * * *
The orc hits your wyvern zombie with a +0 falchion!
Your wyvern zombie is destroyed!
The basilisk gazes at you.
Your limbs have turned to stone.
You have turned to stone.
You stop ascending the stairs.
The basilisk bites you but does no damage.
The basilisk bites you.
* * * LOW HITPOINT WARNING * * *
The orc priest is struck by your spines.
The orc priest hits you with a +0 dagger.
The orc warrior hits you with a +0 broad axe.
You die...
Your body rises from the dead as a mindless zombie.

.# ##..###. ..## ##....#
...# ##...# .# #########
#..######... ..##[......#
#<.##......
...#(......######.##.##..#
.........................
#....oo................
#...ol@.######.....####
#...lo..##........## ..
#..............##.##.##
#.......##....###.##
#.>......##....# #.#
#.....####.##....# .# .
.$..... #.......# .P.....
###....... P......
..##.###.


You could see 2 basilisks, an orc warrior, 2 orc priests and an orc.

Vanquished Creatures
  Harold (D:9)
  Erica (D:9)
  Pikel (D:9)
  An orc knight (Bailey)
  Joseph (D:7)
  Maggie (D:6)
  2 trolls (D:9)
  4 wyverns
  8 yaks
  A shadow (D:7)
  2 water moccasins
  9 orc warriors
  A sky beast (D:7)
  2 black bears (D:5)
  3 ice beasts
  An ogre (D:7)
  2 lemures (D:9)
  A centaur (D:7)
  4 kobold brigands
  A phantom (D:4)
  3 bullfrogs
  3 scorpions
  2 necrophages
  2 gnoll sergeants
  5 wights (D:6)
  3 howler monkeys (D:9)
  A gnoll bouda (D:5)
  A jelly (D:7)
  6 orc priests
  5 hounds
  4 iguanas
  7 orc wizards
  11 adders
  15 gnolls
  3 white imps
  An ufetubus (D:7)
  A worm (D:2)
  A dart slug (D:4)
  48 orcs
  7 endoplasms
  2 giant cockroaches
  11 goblins
  7 hobgoblins
  2 jackals (D:4)
  2 quokkas (D:1)
  6 ball pythons
  2 frilled lizards (D:2)
  12 kobolds
  6 rats
226 creatures vanquished.

Vanquished Creatures (collateral kills)
  An elephant (D:10)
  A yak (D:9)
  An orc warrior (D:8)
  A howler monkey (D:9)
  An orc (Bailey)
  4 kobolds (D:9)
9 creatures vanquished.

Vanquished Creatures (others)
  A wyvern zombie (D:10)
  2 yak zombies (D:9)
  4 kobold zombies (D:9)
  A howler monkey zombie (D:9)
  An orc zombie (Bailey)
  A plant (D:3)
10 creatures vanquished.

Grand Total: 245 creatures vanquished

Notes
Turn   | Place    | Note
-------+----------+-------------------------------------------
     0 | D:1      | DemonSlayer the Demonspawn Earth Elementalist began the
                  | quest for the Orb.
     0 | D:1      | Reached XP level 1. HP: 13/13 MP: 3/3
   436 | D:1      | Gained mutation: You have large cloven feet. [demonic
                  | ancestry]
   436 | D:1      | Reached XP level 2. HP: 19/19 MP: 1/5
  1173 | D:2      | Gained mutation: You have an unusually large brain. (Int
                  | +2) [demonic ancestry]
  1173 | D:2      | Reached XP level 3. HP: 24/24 MP: 2/6
  1869 | D:2      | Reached XP level 4. HP: 29/30 MP: 3/8
  2004 | D:2      | Learned a level 3 spell: Stone Arrow
  2045 | D:3      | Reached skill level 3 in Spellcasting
  2290 | D:3      | Found Esteolod's Assorted Antiques.
  2354 | D:3      | Bought a brown potion for 18 gold pieces
  2630 | D:3      | Found a sacrificial altar of Ru.
  2948 | D:4      | Reached XP level 5. HP: 35/35 MP: 4/10
  2953 | D:4      | Noticed a phantom
  2969 | D:4      | Killed a phantom
  2994 | D:4      | Reached skill level 4 in Spellcasting
  3085 | D:4      | Reached skill level 1 in Fighting
  3086 | D:4      | Gained mutation: Spells you cast may paralyse adjacent
                  | enemies. [demonic ancestry]
  3086 | D:4      | Reached XP level 6. HP: 40/43 MP: 8/12
  3302 | D:4      | Found an iron altar of Okawaru.
  3311 | D:4      | Found a burning altar of Makhleb.
  3373 | D:4      | Identified the +9 dagger "Hafixun" {venom, rN++}
  3389 | D:4      | Learned a level 4 spell: Petrify
  3395 | D:4      | Learned a level 5 spell: Metabolic Englaciation
  3801 | D:5      | Entered Level 5 of the Dungeon
  3850 | D:5      | Reached skill level 5 in Earth Magic
  3850 | D:5      | Gained mutation: You have an extremely huge brain. (Int +4)
                  | [demonic ancestry]
  3850 | D:5      | Reached XP level 7. HP: 26/48 MP: 4/14
  4085 | D:5      | Reached skill level 5 in Spellcasting
  4307 | D:5      | Gained mutation: You have hoof-like feet. [demonic
                  | ancestry]
  4307 | D:5      | Reached XP level 8. HP: 56/56 MP: 8/16
  4527 | D:5      | Learned a level 3 spell: Summon Guardian Golem
  4643 | D:5      | Reached skill level 1 in Short Blades
  4643 | D:5      | Reached skill level 6 in Spellcasting
  5286 | D:6      | Reached skill level 7 in Spellcasting
  5723 | D:6      | Noticed Maggie
  5734 | D:6      | Killed Maggie
  5735 | D:6      | Reached XP level 9. HP: 54/61 MP: 13/19
  6092 | D:6      | Reached skill level 5 in Stealth
  6138 | D:6      | Found the +2 ratskin cloak {*Rats rPois rN+ Str-1 Int-1
                  | Dex+1}
  6242 | D:6      | Learned a level 7 spell: Summon Hydra
  6293 | D:7      | Reached skill level 8 in Spellcasting
  6531 | D:7      | Noticed Joseph
  6538 | D:7      | Killed Joseph
  7014 | D:7      | Found a staircase to the Ecumenical Temple.
  7156 | Temple   | Entered the Ecumenical Temple
  7358 | Temple   | Became a worshipper of Yredelemnul the Dark
  7791 | D:8      | Reached skill level 1 in Conjurations
  7796 | D:8      | Reached XP level 10. HP: 18/67 MP: 2/22
  8039 | D:8      | Reached * piety under Yredelemnul
  8177 | D:8      | Found Zin's Purification Station.
  8316 | D:8      | Identified the +6 quarterstaff "Dabienk" {elec, rElec
                  | Stlth+}
  8477 | D:8      | Reached ** piety under Yredelemnul
  8923 | D:9      | Noticed Pikel
  8940 | D:9      | Killed Pikel
  8941 | D:9      | Reached skill level 1 in Shields
  8986 | D:9      | Reached skill level 9 in Spellcasting
  8993 | D:9      | Your ally Pikel died
  9163 | D:9      | Found a flagged portal.
  9176 | Bailey   | Entered a bailey
  9773 | Bailey   | Identified the ring "Tuiceoto" {rPois Str+2}
  9775 | Bailey   | Noticed an orc knight
  9782 | Bailey   | Killed an orc knight
  9785 | Bailey   | Reached *** piety under Yredelemnul
 10261 | Bailey   | Acquired 1122 gold pieces
 10362 | D:9      | Noticed Harold
 10384 | D:9      | Killed Harold
 10385 | D:9      | Gained mutation: You are partially covered in sharp spines.
                  | [demonic ancestry]
 10385 | D:9      | Reached XP level 11. HP: 27/74 MP: 2/24
 10853 | D:9      | Noticed Erica
 10860 | D:9      | Killed Erica
 11138 | D:9      | Learned a level 4 spell: Dispel Undead
 11232 | D:10     | Entered Level 10 of the Dungeon
 11287 | D:10     | Found a staircase to the Lair.
 11300 | D:10     | HP: 2/75 [orc priest/divine providence (8)]
 11302 | D:10     | Slain by an orc warrior

Illustrated notes

Levels and vault maps discovered:
D:1:      sevenhm_arrival_forest_fort_large_4, layout_basic
D:2:      layout_basic, minmay_misc_feat_enclosed
D:3:      layout_loops_cross, nicolae_ru_the_path_less_chosen, serial_shops,
          shop
D:4:      layout_basic, mainiacjoe_overflow_swirl
D:5:      layout_loops_ring, hangedman_minor_gate_pass
D:6:      layout_cave_pods, uniq_maggie
D:7:      minmay_evil_eye, layout_loops_ring, temple_hall, amethyst_killhole,
          uniq_joseph
D:8:      layout_basic, zin_purify
D:9:      layout_small_grid, enter_bailey_4, st_stairs_10,
          kennysheep_flooded_box, grunt_decor_fettered, uniq_erica, uniq_pikel,
          uniq_harold
D:10:     layout_rooms, david_lair_generic, hex_medium, uniq_psyche
Temple:   eino_narrow_crystal_temple

Skill      XL: |  1  2  3  4  5  6  7  8  9 10 11 |
---------------+----------------------------------+-----
Earth Magic    | 3 4 5 6 8 |  8.9
Stealth        | 2 3 4 6 8 |  8.1
Spellcasting   | 3 4 5 7 8 9 |  9.6
Fighting       | 1 2 3 |  3.2
Dodging        | 2 3 |  3.9
Short Blades   | 1 2 |  2.9
Conjurations   | 1 3 |  3.9
Shields        | 1 |  1.9
Maces & Flails | |  0.5
Unarmed Combat | |  0.2
Transmutations | |  0.8

Action                   |  1- 3 |  4- 6 |  7- 9 | 10-12 || total
-------------------------+-------+-------+-------+-------++-------
Melee: Unarmed           |     9 |     2 |       |       ||    11
       Whip              |       |    10 |       |       ||    10
       Kick              |       |     6 |     8 |     1 ||    15
       Dagger            |       |     7 |    46 |    71 ||   124
 Cast: Sandblast         |    50 |    75 |    78 |     7 ||   210
       Stone Arrow       |       |       |    24 |    68 ||    92
  Use: Scroll            |     1 |     7 |     4 |     1 ||    13
       Potion            |       |       |     1 |     2 ||     3
 Stab: Paralysed         |       |     2 |    20 |    13 ||    35
       Sleeping          |       |       |     4 |     9 ||    13
Armor: Robe              |     4 |    22 |    14 |       ||    40
       Steam dragon scal |       |       |     5 |    42 ||    47
Dodge: Dodged            |    13 |    30 |    36 |    66 ||   145
Block: Buckler           |       |    12 |    11 |    31 ||    54
